[Event "Team 45 45 League T94"]
[Site "Internet Chess Club"]
[Date "2022.10.16"]
[Round "1"]
[White "AlekMoro"]
[Black "ElValero"]
[Result "1-0"]
[WhiteElo "1925"]
[BlackElo "1741"]
[Opening "English opening"]
[ECO "A13"]
[Time "14:00:58"]
[PlyCount "71"]
[TimeControl "2700+45"]

1. c4 e6 2. Nc3 c5 3. g3 g6 4. Bg2 Bg7 5. e4 Ne7 6. Nge2 Nbc6 7. O-O O-O 8. d3
Nd4 9. Be3 a6 10. Qd2 Rb8 11. Rab1 Nec6 12. f4 d6 13. a3 b5 14. cxb5 axb5 15. b4
Nxe2+ 16. Nxe2 cxb4 17. axb4 Bd7 18. f5 Ne5 19. Bg5 f6 20. fxe6 Bxe6 21. Be3 d5
22. Nf4 Bf7 23. Nxd5 Bxd5 24. exd5 Re8 25. Kh1 Ra8 26. Ra1 Qd7 27. Bc5 f5 28. d6
Rxa1 29. Rxa1 Nc4 30. Bd5+ Kh8 31. dxc4 Bxa1 32. Bd4+ Bxd4 33. Qxd4+ Qg7 34.
Qxg7+ Kxg7 35. c5 Kf6 36. c6 {Black resigns} 1-0

[Event "Team 45 45 League T94"]
[Site "Internet Chess Club"]
[Date "2022.10.16"]
[Round "1"]
[White "VictorRed"]
[Black "BuddyT"]
[Result "1-0"]
[WhiteElo "1719"]
[BlackElo "1649"]
[Opening "Queen's pawn game"]
[ECO "A46"]
[Time "21:00:52"]
[PlyCount "95"]
[TimeControl "2700+45"]

1. d4 Nf6 2. Nf3 e6 3. g3 d5 4. Bg2 c5 5. c3 Nc6 6. O-O Be7 7. Nbd2 O-O 8. Re1
Ne4 9. Nxe4 dxe4 10. Ne5 cxd4 11. Nxc6 bxc6 12. Bxe4 dxc3 13. Bxc6 cxb2 14. Bxb2
Rb8 15. Bd4 Bb7 16. Rc1 Bxc6 17. Rxc6 Qd5 18. Rc7 Bb4 19. Bc3 Qxa2 20. Bxb4 Rxb4
21. Qd7 Rb1 22. Rxb1 Qxb1+ 23. Kg2 Qe4+ 24. Kh3 a5 25. e3 h5 26. Qe7 a4 27. Ra7
Qf5+ 28. Kg2 Qd5+ 29. Kh3 Qb5 30. Kg2 g5 31. Rxa4 g4 32. Qb4 Qd5+ 33. e4 Qd1 34.
Ra3 Rd8 35. Qe7 Qd4 36. Qg5+ Kf8 37. Re3 Rc8 38. Qxh5 Rc2 39. Qh6+ Ke7 40. Qf4
e5 41. Qg5+ f6 42. Qg7+ Ke6 43. Qxg4+ Kf7 44. Qf3 Qc5 45. Rb3 Qc6 46. Rd3 Rc4
47. Rd5 Qa4 48. Rxe5 {Black resigns} 1-0

[Event "Team 45 45 League T94"]
[Site "Internet Chess Club"]
[Date "2022.10.13"]
[Round "1"]
[White "burlap"]
[Black "howah45"]
[Result "0-1"]
[WhiteElo "1393"]
[BlackElo "1389"]
[Opening "Queen's pawn, Mason variation"]
[ECO "D00"]
[Time "21:00:19"]
[PlyCount "76"]
[TimeControl "2700+45"]

1. d4 d5 2. Bf4 Nf6 3. Nd2 c5 4. c3 Qb6 5. Qc2 cxd4 6. cxd4 Nc6 7. e3 Nh5 8. Bg5
h6 9. Bh4 g5 10. Bg3 Bg7 11. Qb3 Nxg3 12. hxg3 e5 13. dxe5 Bxe5 14. Bb5 Bg7 15.
Rc1 O-O 16. Ne2 Bd7 17. Qxd5 Nb4 18. Qxd7 Rad8 19. Nc4 Qg6 20. Ne5 Bxe5 21. Qxb7
Rb8 22. Qxa7 Nc2+ 23. Kf1 Rxb5 24. b3 Rd5 25. Kg1 Bb2 26. Rf1 Rd2 27. Nc1 Rfd8
28. Rh3 Qf6 29. Qc5 Rxf2 30. Rxf2 Rd1+ 31. Kh2 Qxf2 32. Rxh6 Qg1+ 33. Kh3 Qh1+
34. Kg4 Qxh6 35. Qxc2 Rf1 36. Qc8+ Kg7 37. Ne2 Qg6 38. Nc3 f5+ {White resigns}
0-1

[Event "Team 45 45 League T94"]
[Site "Internet Chess Club"]
[Date "2022.10.16"]
[Round "1"]
[White "fhunfi"]
[Black "Goli"]
[Result "0-1"]
[WhiteElo "1703"]
[BlackElo "1793"]
[Opening "King's Indian: 6.Be2"]
[ECO "E91"]
[Time "11:01:49"]
[PlyCount "64"]
[TimeControl "2700+45"]

1. e4 g6 2. c4 Bg7 3. d4 d6 4. Nc3 Nf6 5. Be2 O-O 6. Nf3 Bg4 7. Be3 Nc6 8. O-O
a6 9. h3 Bxf3 10. Bxf3 e5 11. d5 Ne7 12. c5 Nd7 13. cxd6 cxd6 14. Rc1 f5 15. b4
f4 16. Bd2 Nf6 17. Bg4 Nxg4 18. hxg4 Qd7 19. f3 h5 20. gxh5 gxh5 21. Be1 Ng6 22.
Rf2 Bf6 23. Rfc2 Qg7 24. Na4 Rf7 25. Nb6 Rd8 26. Qe2 Kh7 27. Kh2 Rg8 28. Qf1 Bh4
29. Bxh4 Nxh4 30. Qf2 Qf6 31. Rg1 Rg3 32. Qf1 Nxf3+ {White resigns} 0-1

[Event "Team 45 45 League T94"]
[Site "Internet Chess Club"]
[Date "2022.10.14"]
[Round "1"]
[White "cysk"]
[Black "hewdondada"]
[Result "1-0"]
[WhiteElo "1715"]
[BlackElo "1671"]
[Opening "Scandinavian defense"]
[ECO "B01"]
[Time "22:02:44"]
[PlyCount "79"]
[TimeControl "2700+45"]

1. e4 d5 2. exd5 Qxd5 3. Nc3 Qa5 4. d4 Nf6 5. Nf3 Bf5 6. Bd2 c6 7. Ne4 Qc7 8.
Nxf6+ gxf6 9. Bc4 e6 10. O-O Nd7 11. a3 Bd6 12. Bb4 Bg4 13. Bxd6 Qxd6 14. c3 Rg8
15. Be2 Bh3 16. Ne1 Qf4 17. Kh1 Bf5 18. Nd3 Qe4 19. f3 Qe3 20. g4 Qg5 21. Qc1
Qg6 22. Nf4 Qg5 23. gxf5 e5 24. Rg1 Qxg1+ 25. Qxg1 Rxg1+ 26. Rxg1 exf4 27. Rg8+
Nf8 28. Rg4 b5 29. Rxf4 Kd7 30. Re4 Re8 31. Kg2 h6 32. c4 bxc4 33. Bxc4 Rxe4 34.
fxe4 Ke7 35. b4 Nd7 36. Bb3 Nb6 37. Kf3 Nc8 38. Ba4 Kd6 39. Kg4 Ne7 40. Bb3
{Black resigns} 1-0

[Event "Team 45 45 League T94"]
[Site "Internet Chess Club"]
[Date "2022.10.12"]
[Round "1"]
[White "Lawkeito"]
[Black "ChessMaine"]
[Result "1/2-1/2"]
[WhiteElo "1582"]
[BlackElo "1420"]
[Opening "QGD: exchange, positional line"]
[ECO "D35"]
[Time "20:01:58"]
[PlyCount "70"]
[TimeControl "2700+45"]

1. d4 d5 2. c4 e6 3. Nc3 Nf6 4. cxd5 exd5 5. Bg5 Be7 6. e3 O-O 7. Bd3 Bg4 8.
Nge2 Nbd7 9. Qc2 c5 10. O-O g6 11. Ng3 Rc8 12. Rac1 a6 13. f3 cxd4 14. exd4 Be6
15. Qf2 Nc5 16. Bb1 b5 17. Kh1 Nb7 18. Rfe1 Qd7 19. Nce2 Nd6 20. Nf4 Rxc1 21.
Rxc1 Rc8 22. Qe1 Nf5 23. Nxf5 Bxf5 24. Rxc8+ Qxc8 25. g4 Bxb1 26. Qxb1 Qc4 27.
Qe1 Kg7 28. Kg2 Bd6 29. Qd2 Bxf4 30. Qxf4 Qe2+ 31. Kg1 Qe1+ 32. Kg2 Qe2+ 33. Kh3
Qf1+ 34. Kg3 Qe1+ 35. Kg2 Qe2+ {Game drawn by repetition} 1/2-1/2

[Event "Team 45 45 League T94"]
[Site "Internet Chess Club"]
[Date "2022.10.14"]
[Round "1"]
[White "blind-warrior"]
[Black "ChessG2011"]
[Result "1/2-1/2"]
[WhiteElo "1207"]
[BlackElo "1359"]
[Opening "King's Indian: London system"]
[ECO "A48"]
[Time "21:05:24"]
[PlyCount "99"]
[TimeControl "2700+45"]

1. d4 Nf6 2. Nf3 g6 3. Bf4 Bg7 4. Nbd2 d5 5. h3 O-O 6. e3 c5 7. c3 cxd4 8. exd4
Nc6 9. Ne5 Nxe5 10. dxe5 Nd7 11. Nf3 e6 12. Be2 Qb6 13. Rb1 Qc7 14. Qd4 Nb6 15.
O-O Bd7 16. b3 Rfc8 17. Rfc1 Qc5 18. Qxc5 Rxc5 19. Be3 Rc7 20. Bxb6 axb6 21. c4
Rxa2 22. Bf1 dxc4 23. Rxc4 Rxc4 24. bxc4 Bc6 25. Re1 Ra5 26. Be2 b5 27. cxb5
Bxb5 28. Bxb5 Rxb5 29. g3 Rb3 30. Kg2 Kf8 31. Rc1 Rd3 32. Rc8+ Ke7 33. Ne1 Rd8
34. Rxd8 Kxd8 35. f4 Kc7 36. Kf3 Kc6 37. Ke4 Bf8 38. h4 Kb5 39. Nd3 Bc5 40. g4
Kc4 41. Nb2+ Kb3 42. Nd3 Ba7 43. f5 b5 44. fxe6 fxe6 45. Nf4 b4 46. Nxe6 Kc4 47.
Nf4 b3 48. Nd3 Bc5 49. e6 Be7 50. g5 {Game drawn by mutual agreement} 1/2-1/2

[Event "Team 45 45 League T94"]
[Site "Internet Chess Club"]
[Date "2022.10.14"]
[Round "1"]
[White "cyborg86"]
[Black "ZenoElea"]
[Result "1-0"]
[WhiteElo "2287"]
[BlackElo "1774"]
[Opening "QGD: Marshall defense"]
[ECO "D06"]
[Time "13:00:16"]
[PlyCount "89"]
[TimeControl "2700+45"]

1. d4 d5 2. c4 Nf6 3. cxd5 e6 4. dxe6 Bxe6 5. Nc3 Bb4 6. Qa4+ Nc6 7. e3 O-O 8.
Nf3 a6 9. Bd3 Nd5 10. Bd2 Bd6 11. a3 Nb6 12. Qc2 h6 13. h3 f5 14. O-O Qf6 15.
Rfe1 Rad8 16. Rac1 Qf7 17. Qb1 Bb3 18. e4 Nc4 19. Be3 Nxe3 20. fxe3 Bg3 21. Rf1
Qe7 22. e5 f4 23. Ne2 Qe6 24. Rc3 Bd5 25. e4 Ba2 26. Qc2 Na5 27. b4 Bb3 28. Qb1
Ba2 29. Qb2 Nc6 30. d5 Bxd5 31. exd5 Rxd5 32. Bc4 Rfd8 33. Rd3 Ne7 34. Bxd5 Rxd5
35. Rxd5 Nxd5 36. Nxg3 fxg3 37. Qd4 c6 38. Qg4 Qxg4 39. hxg4 Ne3 40. Re1 Nxg4
41. e6 Kf8 42. e7+ Ke8 43. Nd4 Nf6 44. Nf5 Kf7 45. Nd6+ {Black resigns} 1-0

[Event "Team 45 45 League T94"]
[Site "Internet Chess Club"]
[Date "2022.10.14"]
[Round "1"]
[White "bobhill"]
[Black "Alec-hine"]
[Result "0-1"]
[WhiteElo "1788"]
[BlackElo "1770"]
[Opening "Queen's bishop game"]
[ECO "D02"]
[Time "15:06:46"]
[PlyCount "82"]
[TimeControl "2700+45"]

1. d4 d5 2. Nf3 Nf6 3. Bf4 c5 4. e3 Nc6 5. c3 Qb6 6. Qb3 c4 7. Qxb6 axb6 8. Nbd2
b5 9. Be2 Bf5 10. O-O h6 11. h3 e6 12. Ne5 b4 13. Nxc6 bxc3 14. bxc3 bxc6 15. a4
Kd7 16. Nf3 Bd6 17. Bxd6 Kxd6 18. Ne5 Rhf8 19. a5 Ne4 20. Rfc1 Ra7 21. Ra3 Nd2
22. Bd1 Rfa8 23. Rca1 Nb1 24. Ra4 Nxc3 25. Rb4 f6 26. g4 fxe5 27. gxf5 Rxa5 28.
dxe5+ Kxe5 29. f4+ Kd6 30. Rxa5 Rxa5 31. Bg4 exf5 32. Bxf5 Rb5 33. Rxb5 cxb5 34.
Kf1 b4 35. Ke1 b3 36. Kd2 Ne4+ 37. Kc1 c3 38. h4 Kc5 39. h5 Kb4 40. Be6 b2+ 41.
Kc2 Nd2 {White resigns} 0-1

[Event "Team 45 45 League T94"]
[Site "Internet Chess Club"]
[Date "2022.10.13"]
[Round "1"]
[White "timcent"]
[Black "discipulo"]
[Result "1-0"]
[WhiteElo "1859"]
[BlackElo "1720"]
[Opening "QGD: exchange, positional line"]
[ECO "D35"]
[Time "12:00:23"]
[PlyCount "127"]
[TimeControl "2700+45"]

1. d4 d5 2. c4 e6 3. Nc3 Nf6 4. cxd5 exd5 5. Bg5 Be7 6. e3 c6 7. Bd3 Nbd7 8. Qc2
O-O 9. Nge2 Re8 10. O-O Nf8 11. Rae1 Ne4 12. Bxe7 Qxe7 13. f3 Nxc3 14. Nxc3 Be6
15. e4 dxe4 16. fxe4 Qb4 17. Qf2 Qb6 18. d5 Qxf2+ 19. Kxf2 cxd5 20. exd5 Bd7 21.
Rxe8 Rxe8 22. Re1 Rxe1 23. Kxe1 a6 24. Kd2 f5 25. Ke3 Kf7 26. Kd4 Ke7 27. Kc5
Bc8 28. d6+ Kd8 29. Nd5 Nd7+ 30. Kd4 g6 31. Be2 b5 32. g4 fxg4 33. Bxg4 Bb7 34.
Bh3 h6 35. Nf4 g5 36. Ne6+ Ke8 37. Bg4 Nf6 38. Bf5 Bc8 39. Kc5 Ne4+ 40. Bxe4
Bxe6 41. a3 Bc8 42. Bc6+ Kd8 43. Kd5 Bd7 44. Ba8 h5 45. Ke5 g4 46. b4 Bc8 47.
Be4 Bd7 48. Kf4 Be6 49. Kg5 Kd7 50. Kxh5 Kxd6 51. Kg5 Ke5 52. Bb7 Kd4 53. Bxa6
Bd7 54. Kf6 Kc4 55. Ke7 Bf5 56. Kd6 Bc2 57. Kc6 Ba4 58. Kb6 Bd1 59. Bxb5+ Kd4
60. a4 Ke3 61. a5 Kf2 62. a6 Kg2 63. Bd7 Kxh2 64. a7 {Black resigns} 1-0

[Event "Team 45 45 League T94"]
[Site "Internet Chess Club"]
[Date "2022.10.14"]
[Round "1"]
[White "MichaelIC"]
[Black "AlekMoro"]
[Result "1-0"]
[WhiteElo "2103"]
[BlackElo "1916"]
[Opening "QGD: exchange, positional line"]
[ECO "D35"]
[Time "22:13:09"]
[PlyCount "53"]
[TimeControl "2700+45"]

1. d4 d5 2. c4 e6 3. Nc3 Nf6 4. cxd5 exd5 5. Bg5 Be7 6. e3 c6 7. Bd3 O-O 8. Qc2
h6 9. Bh4 Nbd7 10. Nge2 Re8 11. O-O Nf8 12. f3 b6 13. Kh1 Nh5 14. Bf2 Bh4 15.
Bg1 Qd6 16. e4 dxe4 17. fxe4 Bd8 18. e5 Qc7 19. Ne4 Be6 20. Nd6 Re7 21. Be4 Bd5
22. Rac1 g6 23. Bxd5 cxd5 24. Qd2 Qd7 25. Qxh6 Bc7 26. Nf5 Re6 27. Nf4 {Black
resigns} 1-0

[Event "Team 45 45 League T94"]
[Site "Internet Chess Club"]
[Date "2022.10.14"]
[Round "1"]
[White "Sandrotov"]
[Black "fireball"]
[Result "0-1"]
[WhiteElo "1597"]
[BlackElo "1596"]
[Opening "French: advance, Milner-Barry gambit"]
[ECO "C02"]
[Time "18:00:50"]
[PlyCount "126"]
[TimeControl "2700+45"]

1. e4 e6 2. d4 d5 3. e5 c5 4. c3 Nc6 5. Nf3 Qb6 6. Bd3 f5 7. O-O Bd7 8. dxc5
Bxc5 9. b4 Be7 10. a4 Qc7 11. Re1 h5 12. h4 Qd8 13. Ng5 Bxg5 14. Bxg5 Qc7 15.
Qe2 Nge7 16. Nd2 Nd8 17. c4 Nf7 18. Bxe7 Kxe7 19. cxd5 Qd8 20. d6+ Ke8 21. Bb5
Bxb5 22. Qxb5+ Qd7 23. Nf3 Qxb5 24. axb5 Kd7 25. Rec1 Rhc8 26. Rxc8 Rxc8 27.
Rxa7 Rb8 28. Kf1 Nd8 29. Ke2 Rc8 30. Kd3 Rc1 31. Ra2 Nf7 32. Rc2 Rxc2 33. Kxc2
b6 34. Kd3 Nh6 35. Nd4 Ng4 36. f3 Nxe5+ 37. Kc3 Kxd6 38. Nb3 Kd5 39. Nd2 Nd7 40.
Nc4 e5 41. Ne3+ Ke6 42. Kd3 Nf6 43. Nc4 Nd5 44. Kd2 e4 45. fxe4 fxe4 46. Ke1 Kf5
47. Kf2 Kf4 48. g3+ Kg4 49. Ne5+ Kh3 50. Nc4 e3+ 51. Nxe3 Nxe3 52. Kxe3 Kxg3 53.
Kd4 Kxh4 54. Kd5 g5 55. Kc6 g4 56. Kxb6 g3 57. Ka6 g2 58. b6 g1=Q 59. b7 Qa1+
60. Kb6 Qd4+ 61. Kb5 Qd5+ 62. Ka6 Qc6+ 63. Ka7 Qa4+ {White resigns} 0-1

[Event "Team 45 45 League T94"]
[Site "Internet Chess Club"]
[Date "2022.10.14"]
[Round "1"]
[White "laurenpar"]
[Black "achessman"]
[Result "1-0"]
[WhiteElo "1925"]
[BlackElo "1813"]
[Opening "Nimzovich-Larsen attack: classical variation"]
[ECO "A01"]
[Time "21:00:38"]
[PlyCount "83"]
[TimeControl "2700+45"]

1. b3 d5 2. Bb2 Bf5 3. Nf3 e6 4. g3 Nf6 5. Bg2 h6 6. c4 c6 7. d3 Be7 8. Nbd2 O-O
9. O-O Nbd7 10. a3 a5 11. Bc3 c5 12. Bb2 Re8 13. Re1 Bh7 14. cxd5 Nxd5 15. e4
N5f6 16. d4 a4 17. b4 cxb4 18. axb4 b5 19. Ba3 Qb6 20. Qe2 Rec8 21. Rac1 Qb7 22.
Bf1 Rxc1 23. Rxc1 Rb8 24. Ne1 Bxe4 25. Nxe4 Qxe4 26. Qxe4 Nxe4 27. Rc7 Nef6 28.
Nd3 Bd6 29. Rc6 Be7 30. Nc5 Kf8 31. Na6 Ra8 32. Bxb5 Nd5 33. Nc7 Nxc7 34. Rxc7
Nb6 35. Bc6 Rd8 36. Rb7 Nc4 37. Bc1 Rxd4 38. Rb8+ Bd8 39. Bxa4 Ke7 40. Kf1 Nb6
41. Be3 Nd7 42. Rxd8 {Black resigns} 1-0

[Event "Team 45 45 League T94"]
[Site "Internet Chess Club"]
[Date "2022.10.14"]
[Round "1"]
[White "room-matt"]
[Black "primerpaso"]
[Result "1-0"]
[WhiteElo "1798"]
[BlackElo "1810"]
[Opening "Sicilian: Najdorf, Lipnitzky attack"]
[ECO "B90"]
[Time "15:04:58"]
[PlyCount "119"]
[TimeControl "2700+45"]

1. e4 c5 2. Nf3 d6 3. d4 cxd4 4. Nxd4 Nf6 5. Nc3 a6 6. Bc4 Qc7 7. Qe2 Nc6 8. Be3
e6 9. Bd3 e5 10. Nf3 Nb4 11. O-O Nxd3 12. cxd3 Be6 13. Rac1 Qd8 14. Ng5 Bd7 15.
d4 Be7 16. h3 O-O 17. Rfd1 h6 18. dxe5 dxe5 19. Nf3 Qb8 20. Bb6 Bd8 21. Bc5 Re8
22. Bd6 Qa7 23. Bxe5 Bc6 24. Nd5 Nd7 25. Bf4 Bxd5 26. Rxd5 Nf6 27. Re5 Bb6 28.
Rd1 Rad8 29. Rxe8+ Rxe8 30. Be5 Nh7 31. Kf1 Nf8 32. Bd6 Ne6 33. g3 Bc5 34. Kg2
Bxd6 35. Rxd6 Qc5 36. Qd2 Qb5 37. Nh4 Qc4 38. Qd5 Qb4 39. Rd7 Qxb2 40. Rxb7 Qf6
41. Nf5 Kh7 42. Nd6 Re7 43. Rxe7 Qxe7 44. Nf5 Qc7 45. f4 Qc2+ 46. Kf3 g6 47. Nd6
Qc3+ 48. Kf2 Qc2+ 49. Kf1 Qc1+ 50. Ke2 Qg1 51. Nxf7 Nd4+ 52. Kd3 Qd1+ 53. Kc4
Qa4+ 54. Kc5 Ne2 55. Nd6 Qa5+ 56. Kc6 Qa4+ 57. Kc7 Nxg3 58. Qf7+ Kh8 59. Qxg6
Ne2 60. Nf7# {Black checkmated} 1-0

[Event "Team 45 45 League T94"]
[Site "Internet Chess Club"]
[Date "2022.10.15"]
[Round "1"]
[White "fishhead"]
[Black "ElValero"]
[Result "0-1"]
[WhiteElo "1713"]
[BlackElo "1750"]
[Opening "French: Winawer, advance variation"]
[ECO "C16"]
[Time "14:00:43"]
[PlyCount "80"]
[TimeControl "2700+45"]

1. e4 e6 2. d4 d5 3. Nc3 Bb4 4. e5 b6 5. Qg4 Bf8 6. Nce2 Qd7 7. Nf3 Nc6 8. c3
Ba6 9. b4 Bd3 10. Ng3 Bxf1 11. Nxf1 Nge7 12. Ne3 g6 13. Qf4 Nf5 14. Ng4 Be7 15.
O-O h5 16. Nf6+ Bxf6 17. exf6 O-O-O 18. a4 Kb7 19. b5 Na5 20. Ne5 Qe8 21. Ba3
Nd6 22. Bb4 Nac4 23. Nc6 Ra8 24. Rfe1 a6 25. Ne7 Qd7 26. bxa6+ Rxa6 27. a5 Rha8
28. Rab1 Nxa5 29. Nxd5 exd5 30. Re7 Qf5 31. Rxc7+ Kb8 32. Qxf5 Nxf5 33. Rxf7 Nc6
34. Rf8+ Kc7 35. Rxa8 Rxa8 36. g3 Nxb4 37. cxb4 Rf8 38. Rc1+ Kd7 39. Rd1 Rxf6
40. Kg2 Rc6 {White resigns} 0-1

[Event "Team 45 45 League T94"]
[Site "Internet Chess Club"]
[Date "2022.10.16"]
[Round "1"]
[White "room-matt"]
[Black "scostanzo212"]
[Result "1-0"]
[WhiteElo "1805"]
[BlackElo "1564"]
[Opening "Sicilian: Sozin attack"]
[ECO "B86"]
[Time "10:04:03"]
[PlyCount "79"]
[TimeControl "2700+45"]

1. e4 c5 2. Nf3 d6 3. d4 cxd4 4. Nxd4 Nf6 5. Nc3 e6 6. Bc4 Be7 7. Be3 O-O 8. O-O
Nxe4 9. Nxe4 d5 10. Bd3 dxe4 11. Bxe4 a6 12. Qf3 Qc7 13. Rad1 Nd7 14. c3 Nf6 15.
Bc2 Bd6 16. Qh3 Bf4 17. Qh4 e5 18. Bxf4 exf4 19. Rfe1 b5 20. Re7 Qxe7 21. Bxh7+
Kh8 22. Be4+ Kg8 23. Bxa8 Bg4 24. Bf3 Bxf3 25. Nxf3 Qe2 26. Rd2 Qe4 27. h3 Re8
28. a3 Rc8 29. Kh2 Re8 30. Qg5 Rf8 31. Nh4 Nh7 32. Qc5 Qe1 33. Nf3 Qe4 34. Qd6
Ra8 35. Rd4 Qc2 36. Rxf4 Qxb2 37. Rxf7 Kxf7 38. Ne5+ Kg8 39. Qe6+ Kh8 40. Ng6#
{Black checkmated} 1-0

[Event "Team 45 45 League T94"]
[Site "Internet Chess Club"]
[Date "2022.10.14"]
[Round "1"]
[White "Kingofknights"]
[Black "Electryon"]
[Result "1-0"]
[WhiteElo "1482"]
[BlackElo "1458"]
[Opening "Dutch defense"]
[ECO "A96"]
[Time "11:30:43"]
[PlyCount "135"]
[TimeControl "2700+45"]

1. d4 f5 2. c4 e6 3. g3 Nf6 4. Bg2 Be7 5. Nc3 O-O 6. Nf3 d6 7. O-O Ne4 8. Nd2
Nxc3 9. bxc3 e5 10. e4 f4 11. Nf3 fxg3 12. fxg3 Bg4 13. Qd3 Nd7 14. Be3 Qe8 15.
c5 Bxf3 16. Bxf3 dxc5 17. dxc5 Kh8 18. Qc4 a6 19. Bg2 Qg6 20. Rab1 Qc6 21. Rxb7
Rxf1+ 22. Bxf1 Qxb7 23. c6 Qb5 24. Qe6 Qb1 25. cxd7 Rf8 26. Qc4 Qd1 27. Qd3 Qxd3
28. Bxd3 Rd8 29. Bxa6 Rxd7 30. Be2 c5 31. a4 Ra7 32. Bb5 Kg8 33. Kf2 Kf7 34. Ke2
Kg6 35. Kd3 Kh5 36. h3 Rc7 37. Kc4 Kg6 38. Kd5 Kf6 39. a5 g5 40. a6 h6 41. Bc6
Bf8 42. Bxc5 Bxc5 43. Kxc5 Ke6 44. Kb6 Kd6 45. Bd5 Rxc3 46. a7 Rc1 47. Kb5 Rb1+
48. Kc4 Rc1+ 49. Kd3 Rd1+ 50. Ke2 Ra1 51. a8=Q Rxa8 52. Bxa8 h5 53. Kf3 Ke6 54.
Bc6 Ke7 55. h4 gxh4 56. gxh4 Kf7 57. Ke3 Kf8 58. Kd3 Ke7 59. Kc4 Ke6 60. Be8 Kf6
61. Bxh5 Kg7 62. Kd5 Kh6 63. Bg4 Kg6 64. Kxe5 Kh6 65. Kf6 Kh7 66. e5 Kg8 67. e6
Kf8 68. Bh5 {Black resigns} 1-0

[Event "Team 45 45 League T94"]
[Site "Internet Chess Club"]
[Date "2022.10.13"]
[Round "1"]
[White "herrahuu"]
[Black "Signofthetimes"]
[Result "1/2-1/2"]
[WhiteElo "1476"]
[BlackElo "1530"]
[Opening "Caro-Kann: Panov-Botvinnik attack, 5...e6"]
[ECO "B14"]
[Time "08:01:46"]
[PlyCount "106"]
[TimeControl "2700+45"]

1. e4 c6 2. d4 d5 3. exd5 cxd5 4. c4 Nf6 5. Nc3 e6 6. Nf3 Bb4 7. cxd5 Nxd5 8.
Bd2 O-O 9. Bd3 Nc6 10. O-O a6 11. Bc1 Nxc3 12. bxc3 Bxc3 13. Rb1 Bxd4 14. Bxh7+
Kh8 15. Be4 Bf6 16. Qc2 Nd4 17. Nxd4 Bxd4 18. Bxb7 Bxb7 19. Rxb7 Qf6 20. Bb2
Bxb2 21. Qxb2 Qxb2 22. Rxb2 Rfb8 23. Rfb1 Rxb2 24. Rxb2 Kh7 25. g3 Kg6 26. Kg2
Kf5 27. f4 Ra7 28. h3 Rc7 29. Kf3 Rc3+ 30. Kf2 f6 31. Kg2 e5 32. fxe5 fxe5 33.
g4+ Kg5 34. Re2 Kh4 35. Rxe5 g5 36. Re6 Rg3+ 37. Kf2 Rxh3 38. Rxa6 Rh2+ 39. Kf3
Rh3+ 40. Kg2 Rg3+ 41. Kf2 Kxg4 42. a4 Ra3 43. a5 Ra2+ 44. Kg1 Kg3 45. Kf1 g4 46.
Ra8 Ra1+ 47. Ke2 Kg2 48. a6 g3 49. a7 Ra2+ 50. Ke1 Ra1+ 51. Ke2 Ra2+ 52. Ke1
Ra1+ 53. Ke2 Ra2+ {Game drawn by repetition} 1/2-1/2

[Event "Team 45 45 League T94"]
[Site "Internet Chess Club"]
[Date "2022.10.14"]
[Round "1"]
[White "tightfist"]
[Black "DaveTheRook"]
[Result "0-1"]
[WhiteElo "1431"]
[BlackElo "1395"]
[Opening "King's Indian: 6.Be2"]
[ECO "E91"]
[Time "19:02:29"]
[PlyCount "94"]
[TimeControl "2700+45"]

1. Nf3 Nf6 2. c4 d6 3. d4 g6 4. Nc3 Bg7 5. e4 O-O 6. Be2 c6 7. O-O Nbd7 8. Bf4
Re8 9. h3 e5 10. Bg5 h6 11. Bh4 Qc7 12. dxe5 dxe5 13. Bg3 Nh5 14. Bh2 Nf4 15.
Rc1 Nf6 16. Bxf4 exf4 17. Qc2 Be6 18. Rcd1 Rad8 19. b3 Rxd1 20. Rxd1 Rd8 21. Nd4
Bc8 22. Bf3 Nh7 23. Nde2 Ng5 24. Rxd8+ Qxd8 25. Nxf4 Nxf3+ 26. gxf3 Qg5+ 27. Kf1
Qxf4 28. Qd3 Bxh3+ 29. Ke1 Qf6 30. Ne2 Qa1+ 31. Kd2 Bf1 32. Qc2 Qb2 33. Ng3
Qxc2+ 34. Kxc2 Bh3 35. f4 h5 36. Kd3 h4 37. Nh1 Bg2 38. Ng3 hxg3 39. fxg3 Bf1+
40. Ke3 c5 41. Kf2 Bd3 42. Ke3 Bb1 43. a3 Bd4+ 44. Kd2 Bxe4 45. b4 b6 46. b5 f5
47. a4 Bf2 {White resigns} 0-1

[Event "Team 45 45 League T94"]
[Site "Internet Chess Club"]
[Date "2022.10.15"]
[Round "1"]
[White "Rookmaster"]
[Black "VictorRed"]
[Result "0-1"]
[WhiteElo "1532"]
[BlackElo "1705"]
[Opening "Mieses opening"]
[ECO "A00"]
[Time "21:00:33"]
[PlyCount "66"]
[TimeControl "2700+45"]

1. d3 e5 2. Nf3 Nc6 3. Nbd2 d5 4. e4 d4 5. c3 Bg4 6. Qc2 Bd6 7. Be2 Nf6 8. h3
Bh5 9. g4 Bg6 10. Nf1 h6 11. Ng3 Qd7 12. Nh4 Bh7 13. Nhf5 Bf8 14. g5 hxg5 15.
Bxg5 Ng8 16. O-O-O g6 17. Bg4 gxf5 18. Nxf5 Bxf5 19. Bxf5 Qd6 20. Rdf1 Nge7 21.
f4 Nxf5 22. fxe5 Ne3 23. Qb3 Nxe5 24. Rf6 Qd7 25. Qxb7 Rc8 26. Bxe3 Nxd3+ 27.
Kb1 dxe3 28. Rf5 Bd6 29. Rd5 Nf2 30. Re1 Rxh3 31. Rg1 Rh1 32. Rg5 Rxg1+ 33. Rxg1
Rd8 {White resigns} 0-1

[Event "Team 45 45 League T94"]
[Site "Internet Chess Club"]
[Date "2022.10.16"]
[Round "1"]
[White "Constrictor"]
[Black "BlueStorm"]
[Result "1/2-1/2"]
[WhiteElo "1453"]
[BlackElo "1557"]
[Opening "Nimzovich-Larsen attack: modern variation"]
[ECO "A01"]
[Time "15:00:25"]
[PlyCount "35"]
[TimeControl "2700+45"]

1. b3 e5 2. Bb2 Nc6 3. e3 Bc5 4. d4 exd4 5. exd4 Bf8 6. Nf3 d5 7. Bb5 a6 8. Qe2+
Qe7 9. Bxc6+ bxc6 10. Qxe7+ Bxe7 11. Ne5 Bd7 12. O-O f6 13. Nxd7 Kxd7 14. Re1
Nh6 15. Ba3 Rhe8 16. Bxe7 Rxe7 17. Nc3 Rae8 18. Kf1 {Game drawn by mutual
agreement} 1/2-1/2

[Event "Team 45 45 League T94"]
[Site "Internet Chess Club"]
[Date "2022.10.15"]
[Round "1"]
[White "CMAlge"]
[Black "xingon"]
[Result "1/2-1/2"]
[WhiteElo "1280"]
[BlackElo "1294"]
[Opening "Queen's pawn: Chigorin variation"]
[ECO "D00"]
[Time "12:04:34"]
[PlyCount "77"]
[TimeControl "2700+45"]

1. d4 d5 2. Nc3 Bf5 3. f3 Nf6 4. g4 Bg6 5. h4 h6 6. Bf4 Nc6 7. e3 e6 8. Bd3 Bxd3
9. Qxd3 Bd6 10. Nge2 Bxf4 11. Nxf4 a6 12. O-O-O Qe7 13. g5 Nd7 14. gxh6 Rxh6 15.
h5 Nb6 16. Rdg1 Qf6 17. Nce2 O-O-O 18. c3 Rdh8 19. e4 dxe4 20. Qxe4 g5 21. Nd3
Rxh5 22. f4 Rxh1 23. Rxh1 Rxh1+ 24. Qxh1 g4 25. Qh5 Qg7 26. Qh4 f5 27. Nc5 Qg8
28. Qh6 Nd8 29. Ng3 Nd7 30. Nd3 Qf8 31. Qh1 Nf7 32. Nf2 Nf6 33. Qe1 Qd6 34. Kc2
Nd5 35. Nh5 Kd7 36. Nd3 b6 37. c4 Nb4+ 38. Nxb4 Qxd4 39. Qd2 {Game drawn by
mutual agreement} 1/2-1/2

[Event "Team 45 45 League T94"]
[Site "Internet Chess Club"]
[Date "2022.10.16"]
[Round "1"]
[White "pandaknight"]
[Black "woofgang"]
[Result "1-0"]
[WhiteElo "1077"]
[BlackElo "1166"]
[Opening "Old Indian defense"]
[ECO "A53"]
[Time "14:00:22"]
[PlyCount "79"]
[TimeControl "2700+45"]

1. c4 d6 2. d4 Nf6 3. Nc3 Nbd7 4. e4 e5 5. d5 c6 6. Nf3 Be7 7. Be2 h6 8. O-O Qc7
9. h3 g5 10. Nh2 Nf8 11. Ng4 Nxg4 12. Bxg4 Ng6 13. Be3 Nf4 14. g3 Nxh3+ 15. Kh2
Bxg4 16. Qxg4 Qd7 17. Qxh3 Qxh3+ 18. Kxh3 h5 19. Rh1 Kd7 20. f4 gxf4 21. gxf4
Rag8 22. Rag1 Rg4 23. Rxg4 hxg4+ 24. Kg2 Bf6 25. Rxh8 Bxh8 26. Kg3 exf4+ 27.
Kxf4 g3 28. Kxg3 Be5+ 29. Kg4 c5 30. Kf5 a6 31. Bf4 f6 32. Bxe5 fxe5 33. a3 Ke7
34. b4 b6 35. Na4 b5 36. cxb5 axb5 37. bxc5 bxa4 38. cxd6+ Kxd6 39. Kf6 Kc5 40.
Kxe5 {Black resigns} 1-0